Cogmind - Beta 13 *** ADVENTURER MODE // 2024.03.30 @ 21:13:16 Player: jjjdanny Result: Destroyed by S-27 Virus with Autogun Performance ------------- Evolutions (4) 2000 Regions Visited (6) 1200 Robots Destroyed (68) 340 Value Destroyed (2029) 2029 Prototype IDs (3) 60 Alien Tech Used (0) 0 Bonus (127) 127 TOTAL SCORE: 5756 Bonus ------- High Alert Combat Kills 127 Cogmind --------- Core Integrity 0/850 Matter 300/300 Energy 100/100 System Corruption 3% Temperature Cool (18) Movement Core (700) Ox13 Location -6/Factory Parts ------- > --- POWER (2) -------- (None) > --- PROPULSION (3) --- (None) > --- UTILITY (8) ------ High-capacity Storage Unit Signal Interpreter > --- WEAPON (2) ------- (None) > --- INVENTORY (20) --- Light Nuclear Core Gravmag System Peak State ------------ > --- POWER ------------ Micro Nuclear Core Angular Momentum Engine > --- PROPULSION ------- Carbon-fiber Leg Flexi-carbon Leg Flexi-carbon Leg > --- UTILITY ---------- High-capacity Storage Unit High-capacity Matter Pod Advanced Weight Redist. System Improved Sensor Array Signal Interpreter Targeting Computer Improved Utility Shielding Recalibrator > --- WEAPON ----------- Heavy Assault Rifle Improved Assault Rifle > --- INVENTORY -------- Light Angular Momentum Engine Gravmag System Autogun Gauss Rifle Improved Light Cannon [Rating: 45] Favorites ----------- Power Micro Nuclear Core Engine Ion Engine Power Core Micro Nuclear Core Propulsion Aluminum Leg Treads Light Treads Leg Aluminum Leg Hover Unit Gravmag System Utility High-capacity Matter Pod Device Recalibrator Storage High-capacity Matter Pod Processor Signal Interpreter Protection Utility Shielding Weapon Improved Assault Rifle Ballistic Gun Improved Assault Rifle Ballistic Cannon Improved Light Cannon Launcher Mini Grenade Launcher Build | -11 -10 -9 -9 -8 -7 -6 ------- Run | Yrd Mat Mat Sto Mat Fac Fac Slots Evolved 8 | . . 2 . 2 2 2 Power 1 | . . . . . 1 . Propulsion 1 | . . . . 1 . . Utility 6 | . . 2 . 1 1 2 Weapon . | . . . . . . . Parts Attached 47 | 6 2 6 5 8 2 18 Power 10 | 1 . 1 2 2 1 3 Engine 5 | 1 . 1 1 . . 2 Core 5 | . . . 1 2 1 1 Reactor . | . . . . . . . Propulsion 12 | 2 . 2 1 3 . 4 Treads 2 | 2 . . . . . . Leg 9 | . . 2 1 3 . 3 Wheel . | . . . . . . . Hover 1 | . . . . . . 1 Flight . | . . . . . . . Utility 13 | 1 2 2 . 2 1 5 Device 4 | . . . . 1 1 2 Storage 4 | 1 1 1 . . . 1 Processor 2 | . . 1 . 1 . . Hackware . | . . . . . . . Protection 3 | . 1 . . . . 2 Artifact . | . . . . . . . Weapon 12 | 2 . 1 2 1 . 6 Energy Gun . | . . . . . . . Energy Cannon . | . . . . . . . Ballistic Gun 10 | 2 . . 2 1 . 5 Ballistic Cannon 1 | . . . . . . 1 Launcher 1 | . . 1 . . . . Special Weapon . | . . . . . . . Impact Weapon . | . . . . . . . Slashing Weapon . | . . . . . . . Piercing Weapon . | . . . . . . . Special Melee Weapon . | . . . . . . . Unidentified Prototypes 1 | . . . 1 . . . Parts Lost 32 | . . 5 4 2 . 21 Power 8 | . . 1 2 1 . 4 Propulsion 9 | . . 2 1 1 . 5 Utility 6 | . . . . . . 6 Weapon 9 | . . 2 1 . . 6 Highest Loss Streak 10 | . . 5 2 1 . 10 To Critical Strikes . | . . . . . . . Average Slot Usage (%) 97 | . 99 94 98 100 100 94 Engine 4 | . 14 11 8 1 . 1 Core 7 | . . . 2 7 15 11 Treads 4 | . 28 13 . . . . Leg 16 | . . 8 22 27 23 15 Device 7 | . . . . 1 7 17 Storage 16 | . 14 22 22 18 15 13 Processor 11 | . . 11 11 16 15 13 Protection 9 | . 13 11 11 9 7 8 Ballistic Gun 15 | . 28 11 16 18 15 11 Launcher 1 | . . 5 4 . . . Naked Turns . | . . . . . . . Heaviest Build 74 | 12 13 17 23 24 29 74 Greatest Support 64 | 40 40 40 20 30 30 64 Greatest Overweight (x) 3 | . . . 1 . . 3 Average Overweight (x) . | . . . . . . . Largest Inventory Capacity 20 | 8 8 8 8 8 8 20 Average Capacity 11 | 7 5 7 8 8 8 18 Most Carried 8 | 5 5 7 8 8 6 8 Average Carried 5 | 3 4 4 7 7 5 4 Final Capacity 20 | 8 5 8 8 8 8 20 Final Carried 8 | 4 5 7 8 6 6 2 Class Distribution -------------------- 53% | Scavenger-Mutant 46% | Mutant Dominant Class ---------------- Mutant | -10/Materials Mutant | -9/Materials Mutant | -9/Storage Scavenger-Mutant | -8/Materials Scavenger-Mutant | -7/Factory Scavenger-Mutant | -6/Factory Resources | -11 -10 -9 -9 -8 -7 -6 ----------- Run | Yrd Mat Mat Sto Mat Fac Fac Matter Collected 1789 | 200 282 185 542 173 . 407 Remotely . | . . . . . . . Salvage Created 2080 | . 265 267 779 195 . 574 Parts 149 | . 18 26 62 7 . 36 Haulers Intercepted 1 | . . . 1 . . . Recyclers Shooed 1 | . . . 1 . . . Parts Field Recycled . | . . . . . . . Retrieved Matter . | . . . . . . . Parts Self-Destructed . | . . . . . . . Prevented . | . . . . . . . Kills | -11 -10 -9 -9 -8 -7 -6 ------- Run | Yrd Mat Mat Sto Mat Fac Fac Combat Hostiles Destroyed 55 | . 7 8 21 4 . 15 Melee 1 | . . . . . . 1 Guns 42 | . 7 3 15 4 . 13 Cannons 1 | . . . . . . 1 AOE 11 | . . 5 6 . . . Classes Destroyed 12 | . 3 4 1 . . 4 Worker 1 | . . . . . . 1 Builder 4 | . . 3 1 . . . Hauler 1 | . . . 1 . . . Recycler 1 | . . 1 . . . . Operator 2 | . . 1 1 . . . Watcher 4 | . 1 1 . . . 2 Swarmer 18 | . 2 3 4 . . 9 Saboteur 1 | . . . . . . 1 Grunt 24 | . 5 4 10 3 . 2 Sentry 10 | . . 1 7 1 . 1 Hunter 1 | . . . . . . 1 Programmer 1 | . . . . . . 1 Best Kill Streak 12 | . 5 12 9 3 . 7 Combat Bots Only 9 | . 3 6 9 3 . 4 Max Kills in Single Turn 3 | . 1 2 3 1 . 1 Gunslinging 1 | . . . 1 . . . Exploded 2 | . . 1 2 . . . Melee 1 | . . . . . . 1 Uniques/NPCs Destroyed . | . . . . . . . Combat | -11 -10 -9 -9 -8 -7 -6 -------- Run | Yrd Mat Mat Sto Mat Fac Fac Hostile Shots Fired 640 | . 49 50 113 40 . 388 Missed 227 | . 17 13 45 8 . 144 Damage Taken 4660 | . 229 583 695 393 . 2760 Core 1293 | . 44 155 159 84 . 851 Absorbed by Shields 15 | . . . 15 . . . Redirected to Shielding 152 | . . 10 13 4 . 125 Ignored by Resistances 1362 | . 71 166 215 113 . 797 Core Remaining (%) 77 | 100 82 . 21 84 100 . Volleys Fired 210 | . 29 26 62 18 . 75 Largest 2 | . 2 2 2 2 . 2 Hottest 67 | . 40 50 53 46 . 67 Shots Fired 390 | . 58 42 107 36 . 147 Gun 343 | . 58 29 89 36 . 131 Cannon 16 | . . . . . . 16 Launcher 31 | . . 13 18 . . . Special . | . . . . . . . Kinetic 359 | . 58 29 89 36 . 147 Thermal . | . . . . . . . Explosive 31 | . . 13 18 . . . Electromagnetic . | . . . . . . . Robot Hit Streak 28 | . 22 12 22 28 . 18 Robot Miss Streak 4 | . 4 1 2 2 . 3 Penetration Max 1 | . . . . . . 1 Secondary Targets 7 | . 1 . 4 . . 2 Max Gunslinging Chain 1 | . 1 . 1 . . 1 Shots Hit Robots 295 | . 46 29 73 31 . 116 Core Hits 142 | . 16 26 42 8 . 50 Critical Kills 1 | . . . . . . 1 Critical Parts Destroyed 1 | . . . 1 . . . Critical Strikes 3 | . . . 1 . . 2 Destroy 2 | . . . 1 . . 1 Blast 1 | . . . . . . 1 Melee Attacks . | . . . . . . . Impact . | . . . . . . . Slashing . | . . . . . . . Piercing . | . . . . . . . Sneak Attacks . | . . . . . . . Combat Hostiles . | . . . . . . . Follow-up Attacks . | . . . . . . . Damage Inflicted 5643 | . 397 925 1906 480 . 1935 Guns 3791 | . 397 176 1084 480 . 1654 Cannons 281 | . . . . . . 281 Explosions 1571 | . . 749 822 . . . Melee . | . . . . . . . Ramming . | . . . . . . . Kinetic 4072 | . 397 176 1084 480 . 1935 Thermal . | . . . . . . . Explosive 1571 | . . 749 822 . . . Electromagnetic . | . . . . . . . Impact . | . . . . . . . Slashing . | . . . . . . . Piercing . | . . . . . . . Highest Corruption 3 | . . . . . . 3 Average Corruption 2 | . . . . . . 2 Corruption Purged . | . . . . . . . Corruption Blocked . | . . . . . . . Overload Shots . | . . . . . . . Overflow Damage 9 | . . 2 7 . . . Projectiles . | . . . . . . . Explosions 9 | . . 2 7 . . . Melee . | . . . . . . . Knockbacks . | . . . . . . . Impact . | . . . . . . . Kinetic . | . . . . . . . Secondary . | . . . . . . . Self-Inflicted Damage 293 | . . 248 45 . . . Shots 9 | . . 7 2 . . . Rammed . | . . . . . . . Targets Rammed . | . . . . . . . Kicked . | . . . . . . . Crushed . | . . . . . . . Highest Temperature 54 | . 18 28 20 18 . 54 Average Temperature 12 | . 7 12 6 11 . 15 Received Heat Transfer 1224 | . 102 150 387 270 . 315 Siege Activations . | . . . . . . . Robots Corrupted . | . . . . . . . Combat Hostiles . | . . . . . . . Parts Fried . | . . . . . . . Impact Corruptions . | . . . . . . . Robots Melted . | . . . . . . . Combat Hostiles . | . . . . . . . Parts Melted . | . . . . . . . Heat Transferred . | . . . . . . . Parts Sabotaged 3 | . . . . . . 3 Parts Stolen . | . . . . . . . Parts Stripped . | . . . . . . . Power Chain Reactions . | . . . . . . . Alert | -11 -10 -9 -9 -8 -7 -6 ------- Run | Yrd Mat Mat Sto Mat Fac Fac Peak Influence 675 | . 165 369 675 372 145 141 Initial 243 | . . 59 132 243 141 61 Average 192 | . 62 198 447 306 144 66 Maximum Alert Level 2 | . . 1 2 1 . . Low Security (%) 64 | 100 100 56 6 . 100 100 Level 1 21 | . . 43 29 100 . . Level 2 14 | . . . 63 . . . Level 3 . | . . . . . . . Level 4 . | . . . . . . . Level 5 . | . . . . . . . High Security . | . . . . . . . Max Security . | . . . . . . . Squads Dispatched 8 | . 1 2 3 1 . 1 Investigation 2 | . 1 . 1 . . . Extermination 1 | . . . . . . 1 Reinforcement 3 | . . 2 . 1 . . Assault . | . . . . . . . Garrison 2 | . . . 2 . . . Intercept . | . . . . . . . Searches Triggered . | . . . . . . . Construction Impeded 1 | . . 1 . . . . Haulers Reinforced . | . . . . . . . Active Scanning Responses . | . . . . . . . Cargo Convoy Interrupts 1 | . . . . . . 1 Stealth | -11 -10 -9 -9 -8 -7 -6 --------- Run | Yrd Mat Mat Sto Mat Fac Fac Distress Signals 3 | . 1 . 1 . . 1 Communications Jammed . | . . . . . . . Distress Signals . | . . . . . . . Times Spotted 92 | . 9 13 28 9 . 33 Peak Tracking Total 10 | . 5 6 5 3 . 10 Tactical Retreats 2 | . . 1 . . . 1 Traps | -11 -10 -9 -9 -8 -7 -6 ------- Run | Yrd Mat Mat Sto Mat Fac Fac Traps Triggered 5 | . . . 4 . . 1 Indirectly . | . . . . . . . Trap Hack Attempts . | . . . . . . . Triggered . | . . . . . . . Disarmed . | . . . . . . . Reprogrammed . | . . . . . . . Reused . | . . . . . . . Traps Extracted . | . . . . . . . Installed . | . . . . . . . Triggered . | . . . . . . . Machines | -11 -10 -9 -9 -8 -7 -6 ---------- Run | Yrd Mat Mat Sto Mat Fac Fac Machines Disabled 4 | . . 2 1 1 . . Max in Single Turn 1 | . . 1 1 1 . . Garrison Access 1 | . . . 1 . . . Machines Repaired . | . . . . . . . Machines Dismantled . | . . . . . . . Machines Sabotaged . | . . . . . . . Overloaded Fab Kills . | . . . . . . . Hacking | -11 -10 -9 -9 -8 -7 -6 --------- Run | Yrd Mat Mat Sto Mat Fac Fac Machines Accessed 11 | . 4 . 3 1 1 2 Terminals 8 | . 4 . 2 1 . 1 Fabricators 1 | . . . . . 1 . Repair Stations . | . . . . . . . Recycling Units . | . . . . . . . Scanalyzers 1 | . . . . . . 1 Garrison Access 1 | . . . 1 . . . Total Hacks 19 | . 7 . 6 2 1 3 Successful 12 | . 5 . 4 1 1 1 Failed 7 | . 2 . 2 1 . 2 Catastrophic . | . . . . . . . Database Lockouts . | . . . . . . . Manual . | . . . . . . . Terminals 16 | . 7 . 5 2 . 2 Fabricators 1 | . . . . . 1 . Repair Stations . | . . . . . . . Recycling Units . | . . . . . . . Scanalyzers 1 | . . . . . . 1 Garrison Access 1 | . . . 1 . . . Terminal Hacks 10 | . 5 . 3 1 . 1 Record 1 | . . . . . . 1 Prototype ID Bank 1 | . 1 . . . . . Emergency Access Points 1 | . . . . 1 . . Alert Level 1 | . 1 . . . . . Locate Traps 1 | . . . 1 . . . Transport Status 1 | . . . 1 . . . Zone Layout 4 | . 3 . 1 . . . Fabricator Hacks 1 | . . . . . 1 . Build 1 | . . . . . 1 . Repair Station Hacks . | . . . . . . . Recycling Unit Hacks . | . . . . . . . Scanalyzer . | . . . . . . . Garrison Access Hacks 1 | . . . 1 . . . Seal Access 1 | . . . 1 . . . Unauthorized Hacks . | . . . . . . . Terminals . | . . . . . . . Fabricators . | . . . . . . . Repair Stations . | . . . . . . . Recycling Units . | . . . . . . . Scanalyzers . | . . . . . . . Garrison Access . | . . . . . . . Data Cores Recovered . | . . . . . . . Used . | . . . . . . . Hacking Detections 5 | . 2 . 1 . 1 1 Full Trace Events 2 | . 1 . 1 . . . Feedback Events . | . . . . . . . Feedback Blocked . | . . . . . . . Robot Schematics Acquired . | . . . . . . . Robots Built 1 | . . . . . 1 . Authchips . | . . . . . . . Time 81 | . . . . . 81 . Total Robot Build Rating 1 | . . . . . 1 . Part Schematics Acquired . | . . . . . . . Parts Built . | . . . . . . . Authchips . | . . . . . . . Time . | . . . . . . . Total Part Build Rating . | . . . . . . . Parts Repaired . | . . . . . . . Time . | . . . . . . . Parts Recycled . | . . . . . . . Recycled Matter . | . . . . . . . Retrieved Matter . | . . . . . . . Retrieved Components . | . . . . . . . Parts Scanalyzed . | . . . . . . . Part Schematics Acquired . | . . . . . . . Parts Damaged . | . . . . . . . Bothacking | -11 -10 -9 -9 -8 -7 -6 ------------ Run | Yrd Mat Mat Sto Mat Fac Fac Used RIF Installer . | . . . . . . . Robots Hacked . | . . . . . . . Non-combat . | . . . . . . . Combat . | . . . . . . . Robot Hacks Applied . | . . . . . . . Relay Couplers Released . | . . . . . . . Fabnet Peak Effective % . | . . . . . . . Robots Rewired . | . . . . . . . Allies Hacked . | . . . . . . . Hacks Repelled . | . . . . . . . Allies | -11 -10 -9 -9 -8 -7 -6 -------- Run | Yrd Mat Mat Sto Mat Fac Fac Total Allies 1 | . . . . . 1 . Largest Group 1 | . . . . . 1 1 Highest-Rated Group 10 | . . . . . 10 10 Highest-Rated Ally 10 | . . . . . 10 10 Total Orders . | . . . . . . . Ally Attacks . | . . . . . . . Total Damage . | . . . . . . . Kills . | . . . . . . . Allies Corrupted . | . . . . . . . Allies Melted . | . . . . . . . Intel | -11 -10 -9 -9 -8 -7 -6 ------- Run | Yrd Mat Mat Sto Mat Fac Fac Robot Analysis Total . | . . . . . . . Derelict Logs Recovered . | . . . . . . . Drone Launches . | . . . . . . . Drone Recoveries . | . . . . . . . Exploration | -11 -10 -9 -9 -8 -7 -6 ------------- Run | Yrd Mat Mat Sto Mat Fac Fac Turns Passed 3126 | 112 365 173 704 376 263 1133 Spaces Moved 1512 | 62 177 70 338 254 121 490 Core 2 | 2 . . . . . . Treads 270 | 60 177 33 . . . . Legs 1240 | . . 37 338 254 121 490 Wheels . | . . . . . . . Hover . | . . . . . . . Flight . | . . . . . . . Fastest Speed 50 | 50 160 120 120 120 120 120 Average Speed 151 | 156 160 138 149 120 120 175 Slowest Speed 330 | 160 160 160 190 120 120 330 Overloaded Moves . | . . . . . . . Propulsion Burnouts . | . . . . . . . Robots Hopped . | . . . . . . . Cave-ins Triggered . | . . . . . . . Exploration Rate (%) 21 | 6 37 9 60 23 3 13 Regions Visited 6 Branch Regions 1 Pre-discovered Areas . | . . . . . . . Known Exits Taken 4 | . . 1 1 1 1 . Unknown Exits Taken 2 | 1 1 . . . . . Scrap Searched . | . . . . . . . Spaces Dug . | . . . . . . . Terrain Destroyed 182 | . . 75 107 . . . Melee . | . . . . . . . Projectile . | . . . . . . . AOE 182 | . . 75 107 . . . Terrain Rammed . | . . . . . . . Walls Destroyed . | . . . . . . . Machines Disabled . | . . . . . . . Actions | -11 -10 -9 -9 -8 -7 -6 --------- Run | Yrd Mat Mat Sto Mat Fac Fac Total 1981 | 77 213 109 434 290 239 619 Wait 131 | . . . . . 115 16 Move 1506 | 61 176 69 337 253 120 490 Hop . | . . . . . . . Pick Up 57 | 10 4 8 13 6 2 14 Fast Attach . | . . . . . . . Attach 40 | 6 1 6 5 6 2 14 Detach 2 | . . . . 1 . 1 Swap 7 | . 1 . . 2 . 4 Drop 18 | . 2 . 7 4 . 5 Fire 210 | . 29 26 62 18 . 75 Melee . | . . . . . . . Ram . | . . . . . . . Kick . | . . . . . . . Crush . | . . . . . . . Escape Stasis 10 | . . . 10 . . . Rewire . | . . . . . . . Trap . | . . . . . . . Miscellaneous . | . . . . . . . Route ------- -11/Scrapyard -10/Materials -9/Materials -9/Storage -8/Materials -7/Factory -6/Factory History --------- Turn | Location | Event 11 | -11/Scrapyard | Discovered new exit (range 15) 113 | -11/Scrapyard | Entered Materials 309 | -10/Materials | Build established: Mutant 444 | -10/Materials | Discovered new exit (range 16) 478 | -10/Materials | Entered another Materials area 478 | -9/Materials | Evolved 2 slots: Utility x2 615 | -9/Materials | Discovered new exit (range 15) 616 | -9/Materials | Lost 5 parts (1p2n2w) 649 | -9/Materials | Identified exit to Storage 651 | -9/Materials | Entered Storage 688 | -9/Storage | Core integrity fell below 50% 977 | -9/Storage | Garrison activated, responded to threat 1031 | -9/Storage | Destroyed 9 combat bots 1324 | -9/Storage | Discovered new exit (range 16) 1353 | -9/Storage | Identified exit to Materials 1355 | -9/Storage | Entered Materials 1355 | -8/Materials | Evolved 2 slots: Propulsion x1, Utility x1 1709 | -8/Materials | Discovered new exit (range 15) 1729 | -8/Materials | Identified exit to Factory 1731 | -8/Materials | Entered Factory 1731 | -7/Factory | Evolved 2 slots: Power x1, Utility x1 1791 | -7/Factory | Build established: Scavenger-Mutant 1850 | -7/Factory | Fabricated A-02 Transporter (x1) 1944 | -7/Factory | Discovered new exit (range 3) 1947 | -7/Factory | Identified exit to Factory 1994 | -7/Factory | Entered another Factory area 1994 | -6/Factory | Accompanied by 1 ally 1994 | -6/Factory | Evolved 2 slots: Utility x2 2347 | -6/Factory | Lost 5 parts (2n1u2w) 3004 | -6/Factory | Lost 6 parts (2p1n3w) 3088 | -6/Factory | Cargo convoy interrupted 3106 | -6/Factory | Core integrity fell below 50% 3124 | -6/Factory | Core integrity fell below 20% 3127 | -6/Factory | Destroyed by S-27 Virus with Autogun Last Messages --------------- U-05 Engineer builds a Wall. A-27 Freighter distress signal alerts nearby ally. Slug penetrates P-60 Hacker. Penetrated by Slug. U-05 Engineer builds a Wall. P-60 Hacker resets U-05 Engineer, system corruption cleaned. U-05 Engineer builds a Door. U-05 Engineer destroyed. P-60 Hacker resets U-05 Engineer, system corruption cleaned. U-05 Engineer builds a Wall. Slug penetrates Wall. Hcp. Matter Pod destroyed. Targeting Computer destroyed. P-60 Hacker resets S-27 Virus, system corruption cleaned. Penetrated by Slug. U-05 Engineer destroyed. Map ----- +----------------------------------------------------+ | ?????????????????????????????????????????????????# | | ?????????????????????????????????????????????????! | | ????????????????????????????????????????????????? | | ????????????????????????????????????????????????? | | ??????????????????????????????????? ???????????? | | ?????????????????????????????????? #??????????? | | ??????????????????????????????????? ?????????? | | ?????????????????????????????????? #######+### | | ??????????????????????????????????? ^ | | ???????????????????????????????????? | | ?????????????????????????????????????? ^ """" | | ?????????????????????????????????????????# =""T" | | ?????????????????????????????????????????# %| !!= | | ?????????????????????????????????????????# ! =| = | | ????????????????????#######??????????????# *=** | | ????????????????????# ????????????# [ | | ????????????????????# #??????????# [=#"" | | ????????????????????# #??????????## #### | | ???????????????????## != #???????????# ## | | ????????????????????" ! ????????????# ## " | | ????????????????????# "Y" ????????????# #? " | | ????????????????????# """????????????## ## " | | ????????????????????? ?????????????# ! #?" | | ??????????^ ######;###Y################ #?" | | ?????????? |==%* p % A% ==[ +?" | | ?????????? i s *%!@= p % % ###### #? | | ?????????? A s ]%=p #????# #?# | | ?????????? s h % #????### ###?? | | ?????????? #??????# #???? | | ???????????#+#+###########+######+###??????# ???? | | ?????????????????????????# ?? ???????# ??? | | ?????????????????????????# """ """ ""?????# ?? | | ?????????????????????????# """ """ """ ??? ? | | ?????????????????????????# """ """ """ ??# | | ?????????????????????????# ???# | | ?????????????????????????# """ """ """ ??####### | | ?????????????????????????? """ """ """ ????????? | | ?????????????????????????? """ ??? ""???????????? | | ?????????????????????????? ???????????????????? | | ?????????????????????????? ????????????????????? | | ??????????????????????????###????????????????????? | | | | | | | | | | | | | | | | | | | +----------------------------------------------------+ Best States ------------- Heat Dissipation 37 Energy Generation 28 Energy Capacity 350 Matter Stores 500 Matter Capacity 500 Sight Range 16 Robot Scan Range 15 Terrain Scan Density 10 Additional Mass Support 9 Armor Coverage 150 Resistance: KI 20 Resistance: TH 20 Resistance: EX 20 Resistance: EM 20 Resistance: I 20 Resistance: S 20 Resistance: P 20 Utility Shielding 66 Evasion (%) 55 Targeting Accuracy 5 Recoil Reduction 2 Offensive Hacking 10 Item Schematics ----------------- None Robot Schematics ------------------ None Fabricated ------------ A-02 Transporter | x1 | -7/Factory | Preloaded Alien Tech Used ----------------- None Achievements -------------- My Command Is Your Wish Challenges ------------ None Game ------ Seed StealthAlertReplicator Manual? 0 Play Time 00:39:27 Cumulative 28.0 hours Start 2024.03.30 @ 20:33:50 End 2024.03.30 @ 21:13:16 Sessions 1 Manual Loads 0 Difficulty Adventurer Special Mode None Game No. 39 Rogue 0 Adventurer 39 Explorer 0 Win Type - Total 0 Types 0/0/0/0/0/0/0/0/0 Lore% 24 Gallery% 25 Achievement% 22 Wizard Run 0 Options --------- Layout 1 ASCII 0 Keyboard 0 Movement Arrows Keybinds 0 Fullscreen 1 Font 32/SmallcapsGlow Map View 50x40 Zoom Use 0% Tactical HUD 0 Map Filters NONE Filters NONE Steam 1 RUN: 42c546d5-f572-42f0-8f77-1bb229d5e560